AoeStats
← Huehnchen3

Nomad

508918348Analyzed
2v2 RM · 8d ago on Sep 24, 2026· 44m 58s· 4 players
Game mode
Random Map
Map size
176×176
Population
200
Speed
Normal
Resources
Standard
Victory
Conquest
Starting age
Dark Age
Ending age
Imperial Age
RankedLock teamsTeams togetherTeam positionsShared explorationLock speedFull tech treeHidden civsTurbo modeCheats
Victory
Defeat
🇲🇽 Koreans · Mexico
1258
+15
🇹🇷 Vikings · Türkiye
1234
+16
🇩🇪 Byzantines · Germany
1266
-17
🇩🇪 Hindustanis · Germany
1209
-14
KaRaKaPLaN
4:58 Loom
13:19 Feudal Age
14:47 Double-Bit Axe
16:05 Fishing Lines
18:50 Castle Age
17:10 Fletching
18:31 Stone Mining
18:34 Gold Mining
19:30 Bodkin Arrow
20:54 Bow Saw
24:13 Ballistics
29:42 Scale Mail Armor
29:53 Forging
29:44 Padded Archer Armor
30:59 Gillnets
33:12 Squires
34:24 Chain Mail Armor
34:04 Town Watch
36:12 Iron Casting
39:03 Imperial Age
36:02 Man-at-Arms
36:28 Arson
36:51 Long Swordsman
36:52 Pikeman
40:20 Conscription
40:05 Chieftains
39:35 Two-Handed Swordsman
39:45 Capped Ram
42:04 Blast Furnace
41:34 Plate Mail Armor
41:05 Bracer
40:49 Champion
44:36 Siege Ram
VempirE Reider
6:28 Loom
18:05 Feudal Age
19:23 Wheelbarrow
18:34 Double-Bit Axe
22:24 Castle Age
20:25 Gold Mining
20:26 Stone Mining
22:34 Fishing Lines
23:15 Medium Warships
25:40 Hand Cart
31:46 Horse Collar
32:21 Bow Saw
32:23 Fletching
33:40 Bodkin Arrow
37:36 Imperial Age
37:07 Gillnets
38:22 Bracer
39:26 Chemistry
38:32 Siege Engineers
38:50 Ballistics
39:25 Conscription
38:55 Elite War Wagon
41:16 Thumb Ring
42:31 Two-Man Saw
42:44 Gold Shaft Mining
42:48 Stone Shaft Mining
43:36 Heavy Warships
42:42 Light Cavalry
43:24 Husbandry
wasserk0cher
2:55 Loom
14:56 Feudal Age
16:27 Double-Bit Axe
20:41 Castle Age
18:57 Town Watch
19:17 Gold Mining
19:21 Stone Mining
23:23 Medium Warships
24:29 Bow Saw
30:08 Fletching
31:43 Scale Mail Armor
33:47 Bodkin Arrow
36:35 Bloodlines
36:34 Scale Barding Armor
40:07 Imperial Age
38:54 Forging
38:48 Squires
38:34 Arson
41:34 Conscription
42:12 Chain Mail Armor
42:48 Wheelbarrow
41:57 Heavy Camel Rider
44:06 Chain Barding Armor
Huehnchen3
3:09 Loom
14:52 Feudal Age
15:38 Double-Bit Axe
18:54 Gold Mining
22:43 Castle Age
21:25 Padded Archer Armor
25:28 Medium Warships
27:43 Pikeman
30:18 Leather Archer Armor
29:53 Fletching
33:34 Imperial Age
30:33 Elite Skirmisher
31:44 Horse Collar
34:02 Guard Tower
35:30 Scale Barding Armor
35:51 Bodkin Arrow
36:30 Heavy Plow
37:34 Forging
38:28 Heavy Camel Rider
43:12 Husbandry
44:09 Murder Holes
45:02 Crop Rotation
45:37 Wheelbarrow
45:26 Bow Saw
Connection lost

Rejoining the realm…

Still unreachable

The connection could not be restored.

Session expired

The server has moved on; the page needs a fresh start.